 Dungeon Crawl Stone Soup version 0.21.1-1-g345015f (webtiles) character file.

17469 GrunderHorse the Carver (level 12, -19/80 HPs)
             Began as a Tengu Berserker on Mar 17, 2018.
             Was a High Priest of Trog.
             Demolished by a titanic slime creature (78 damage)
             ... on level 12 of the Dungeon.
             The game lasted 00:25:05 (12616 turns).

GrunderHorse the Carver (Tengu Berserker)          Turns: 12616, Time: 00:25:06

Health: -19/80     AC: 10    Str: 18    XL:     12   Next: 48%
Magic:  13/13      EV: 21    Int: 13    God:    Trog [*****.]
Gold:   673        SH:  0    Dex: 17    Spells: 11/11 levels left

rFire    . . .     SeeInvis .   b - +7 dagger "Orb Guardian's Death" {pierce, Int+4}
rCold    . . .     Gourm    +   (no shield)
rNeg     . . .     Faith    .   M - +0 steam dragon scales
rPois    .         Spirit   .   w - +0 hat
rElec    .         Reflect  .   P - +0 cloak
rCorr    +         Harm     .   E - +1 pair of gloves
MR       +....                  (boots unavailable)
Stlth    ++........             e - amulet of the gourmand
HPRegen  0.23/turn              l - ring of resist corrosion
MPRegen  0.13/turn              R - ring of protection from magic

@: berserk cooldown, slowed, very slow
A: beak, talons 3, able to fly 1
a: Fly, Berserk, Trog's Hand, Brothers in Arms, Burn Spellbooks, Renounce
Religion


You were on level 12 of the Dungeon.
You worshipped Trog.
Trog was extremely pleased with you.
You were very full.

You visited 1 branch of the dungeon, and saw 12 of its levels.

You collected 673 gold pieces.

Inventory:

Hand Weapons
 b - the +7 dagger "Orb Guardian's Death" (weapon) {pierce, Int+4}
   (You found it on level 9 of the Dungeon)

   It inflicts extra damage upon your enemies.
   It affects your intelligence (+4).
 i - a +2 falchion of slicing
 z - a +1 dagger of venom
Missiles
 x - 5 javelins (quivered)
 y - 5 tomahawks of returning
 S - 8 tomahawks
Armour
 w - a +0 hat (worn)
 E - a +1 pair of gloves (worn)
 M - +0 steam dragon scales (worn)
 P - a +0 cloak (worn)
Jewellery
 e - an amulet of the gourmand (around neck)
 l - a ring of resist corrosion (left hand)
 R - a ring of protection from magic (right hand)
 T - an uncursed ring of flight
Wands
 n - a wand of acid (6)
 u - a wand of enslavement (26)
 F - a wand of random effects (38)
 J - a wand of scattershot (2)
 L - a wand of polymorph (32)
 O - a wand of clouds (4)
Scrolls
 f - 3 scrolls of immolation
 g - 6 scrolls of teleportation
 j - 4 scrolls of magic mapping
 p - 3 scrolls of remove curse {unknown}
 q - 7 scrolls of identify
 s - a scroll of random uselessness {unknown}
 D - 2 scrolls of noise {unknown}
 H - 2 scrolls of enchant armour {unknown}
 N - 3 scrolls of fear {unknown}
Potions
 d - 2 potions of heal wounds {unknown}
 h - 4 potions of brilliance {unknown}
 k - 2 potions of mutation {unknown}
 m - 4 potions of agility {unknown}
 o - a potion of might {unknown}
 r - a potion of magic {unknown}
 t - a potion of cancellation {unknown}
 v - 4 potions of haste {unknown}
 A - a potion of invisibility {unknown}
 B - a potion of resistance {unknown}
 G - 5 potions of curing {unknown}
 I - 4 potions of flight {unknown}
 K - 3 potions of degeneration {unknown}
Books
 a - a book of Conjurations

   Spells                             Type                      Level
   a - Magic Dart                     Conjuration                  1
   b - Searing Ray                    Conjuration                  2
   c - Dazzling Spray                 Conjuration/Hexes            3
   d - Fulminant Prism                Conjuration/Hexes            4
   e - Force Lance                    Conjuration/Translocation    4
   f - Iskenderun's Mystic Blast      Conjuration                  4
   Trog disapproves of the use of such an item.
 C - Kikubaaqudgha's Handbook of Dark Rituals
   (You found it on level 4 of the Dungeon)

   Spells                             Type                      Level
   a - Animate Skeleton               Necromancy                   1
   Trog disapproves of the use of such an item.
 Q - a book of Flames

   Spells                             Type                      Level
   a - Flame Tongue                   Conjuration/Fire             1
   b - Throw Flame                    Conjuration/Fire             2
   c - Conjure Flame                  Conjuration/Fire             3
   d - Inner Flame                    Hexes/Fire                   3
   e - Sticky Flame                   Conjuration/Fire             4
   f - Fireball                       Conjuration/Fire             5
   Trog disapproves of the use of such an item.
Comestibles
 c - 18 rations


   Skills:
 + Level 11.3 Fighting
 + Level 12.2 Long Blades
 - Level 8.0 Armour
 + Level 12.0 Dodging


You had 11 spell levels left.
You didn't know any spells.

Dungeon Overview and Level Annotations

Branches:
Dungeon (12/15)            Temple (0/1) D:7             Orc (0/2) D:11
   Lair: D:8-11

Altars:
Ashenzari
Cheibriados
Elyvilon
Fedhas
Hepliaklqana
Kikubaaqudgha
Nemelex Xobeh
Okawaru
Qazlal
Sif Muna
Vehumet
Yredelemnul
Zin
Beogh

Shops:
D:7 =   D:8 }([


Innate Abilities, Weirdness & Mutations

You have a beak for a mouth.
You have claws for feet.
You can fly.


Message History

You are too berserk!
You are too berserk!
You puncture the adder!
You kill the adder!
Trog accepts your kill.
A slime creature comes into view.
You are too berserk!
You feel a strong urge to attack something.
You are no longer berserk.
You are exhausted.
You feel yourself slow down.
Evoke which item? (* to show all) (? for menu, Esc to quit)
Aiming: Cloud Cone
Press: ? - help, Dir - move target cursor, f - titanic slime creature
Aim: a titanic slime creature (severely wounded)
You create a blast of noxious fumes!
Two slime creatures merge to form a titanic slime creature.
The titanic slime creature hits you!!!!
Ouch! That really hurt!
You die...

#..######## #.#......
##...## # #..####
#.)...######## #..# #
#............# #..# #
#..>....####.# #..# #
##....#)# #..# #
#.#.##.# #..#
#.#.##.############..#
#.#.##..@J§.......#..#
#. #####§######.#.
#.#J†.......
..###§####.# ###...§#
#..... ........
###.....## ##.!.##


You could see 2 titanic slime creatures.

Vanquished Creatures
  Snorg (D:10)
  Erolcha (D:10)
  A hydra (D:11)
  A centaur warrior (D:11)
  4 two-headed ogres
  The ghost of arcanemastermind the Charmwright, a novice GnSk of Cheibriados (D:6)
  A komodo dragon (D:11)
  A kobold demonologist (D:11)
  A hornet (D:8)
  A troll (D:9)
  A hippogriff (D:10)
  5 wraiths
  19 yaks
  A vampire (D:12)
  A wyvern (D:9)
  3 hungry ghosts
  3 steam dragons (D:7)
  2 vampire mosquitoes (D:12)
  2 water moccasins
  Duvessa (D:4)
  6 orc warriors
  3 phantoms
  An ice beast (D:5)
  2 sky beasts
  3 black bears
  3 necrophages
  4 ogres
  6 centaurs
  A big kobold (D:9)
  An elf zombie (D:7)
  9 bullfrogs
  An elf skeleton (D:7)
  Dowan (D:4)
  The ghost of Guts the Skirmisher, a weakling MiBe of Trog (D:5)
  2 scorpions
  5 killer bees (D:12)
  5 wights
  3 crimson imps
  2 bullfrog zombies
  7 orc priests
  4 bullfrog skeletons
  2 human zombies (D:7)
  3 centaur skeletons
  A hound (D:5)
  5 jellies
  An iguana (D:9)
  5 orc wizards
  11 worker ants
  A hound skeleton (D:7)
  3 mummies (D:7)
  A worker ant zombie (D:6)
  4 gnolls
  7 adders
  4 shadow imps
  3 oozes
  4 adder skeletons
  A worm (D:2)
  2 dart slugs
  6 leopard geckos
  36 orcs
  4 giant cockroaches
  9 goblins
  4 hobgoblins
  9 jackals
  3 quokkas
  3 ball pythons
  6 bats (D:1)
  4 frilled lizards
  12 kobolds
  A leopard gecko skeleton (D:5)
  5 rats
281 creatures vanquished.

Notes
Turn   | Place    | Note
-------+----------+-------------------------------------------
     0 | D:1      | GrunderHorse the Tengu Berserker began the quest for the Orb.
     0 | D:1      | Reached XP level 1. HP: 14/14 MP: 2/2
    35 | D:1      | Reached XP level 2. HP: 4/19 MP: 3/3
   730 | D:1      | Reached XP level 3. HP: 23/23 MP: 4/4
  1095 | D:2      | Reached ** piety under Trog
  1482 | D:2      | Found a sparkling altar of Nemelex Xobeh.
  1485 | D:2      | Reached XP level 4. HP: 20/28 MP: 5/5
  2241 | D:3      | Found an iron altar of Okawaru.
  2595 | D:4      | Found a hazy altar of Hepliaklqana.
  2682 | D:4      | Gained mutation: You can fly. [Tengu growth]
  2682 | D:4      | Reached XP level 5. HP: 33/33 MP: 6/6
  3188 | D:4      | Reached XP level 6. HP: 38/38 MP: 7/7
  3361 | D:4      | Reached *** piety under Trog
  3368 | D:4      | Noticed Dowan
  3370 | D:4      | Noticed Duvessa
  3373 | D:5      | Entered Level 5 of the Dungeon
  3498 | D:4      | Killed Dowan
  3499 | D:4      | Reached skill level 5 in Long Blades
  3499 | D:4      | Reached XP level 7. HP: 44/44 MP: 4/8
  3502 | D:4      | Killed Duvessa
  3791 | D:4      | Found an ancient bone altar of Kikubaaqudgha.
  3791 | D:4      | Found a deep blue altar of Sif Muna.
  3793 | D:4      | Found a radiant altar of Vehumet.
  3805 | D:4      | Identified Kikubaaqudgha's Handbook of Dark Rituals
  3820 | D:4      | Reached skill level 5 in Fighting
  4064 | D:5      | Reached skill level 5 in Armour
  4064 | D:5      | Reached skill level 5 in Dodging
  4179 | D:5      | Noticed Guts's ghost (weakling MiBe)
  4184 | D:5      | Killed Guts's ghost
  4420 | D:5      | Reached XP level 8. HP: 41/49 MP: 9/9
  5207 | D:6      | Noticed a yak
  5220 | D:6      | Found a white marble altar of Elyvilon.
  5232 | D:6      | Killed a yak
  5946 | D:6      | Noticed arcanemastermind's ghost (novice GnSk)
  5960 | D:6      | Killed arcanemastermind's ghost
  5960 | D:6      | Reached XP level 9. HP: 39/56 MP: 10/10
  5963 | D:6      | Found a white marble altar of Elyvilon.
  6218 | D:6      | Found a blossoming altar of Fedhas.
  6220 | D:6      | Found a glowing silver altar of Zin.
  7056 | D:7      | Reached **** piety under Trog
  7646 | D:7      | Reached XP level 10. HP: 63/63 MP: 11/11
  7695 | D:7      | Found a staircase to the Ecumenical Temple.
  7716 | D:7      | Found a shattered altar of Ashenzari.
  7753 | D:7      | Found Wycitruwa's Jewellery Emporium.
  8276 | D:7      | Found a basalt altar of Yredelemnul.
  8893 | D:8      | Found Heyrot's Gadget Boutique.
  8911 | D:8      | Found Akkoont's Antique Armour Shop.
  9132 | D:8      | Found Afrutteh's Antique Weapon Shoppe.
  9271 | D:8      | Found a snail-covered altar of Cheibriados.
  9280 | D:8      | Noticed a death yak
  9284 | D:8      | Noticed a two-headed ogre
  9344 | D:8      | Killed a two-headed ogre
  9537 | D:8      | Noticed a death yak
  9684 | D:9      | Reached XP level 11. HP: 71/71 MP: 12/12
  9687 | D:9      | Reached skill level 10 in Long Blades
  9700 | D:9      | Got a transparent dagger
  9705 | D:9      | Identified the +7 dagger "Orb Guardian's Death" {pierce, Int+4} (You found it on level 9 of the Dungeon)
  9837 | D:9      | Noticed a two-headed ogre
  9844 | D:9      | Killed a two-headed ogre
  9844 | D:9      | Reached skill level 10 in Dodging
  9882 | D:9      | Found a stormy altar of Qazlal.
 10019 | D:10     | Entered Level 10 of the Dungeon
 10055 | D:10     | Noticed Snorg
 10062 | D:10     | Killed Snorg
 10144 | D:10     | Reached ***** piety under Trog
 10302 | D:10     | Reached skill level 10 in Fighting
 10581 | D:10     | Noticed Erolcha
 10588 | D:10     | Killed Erolcha
 11479 | D:11     | Noticed a five-headed hydra
 11504 | D:11     | Killed a five-headed hydra
 11504 | D:11     | Reached XP level 12. HP: 79/79 MP: 13/13
 11608 | D:11     | Found a staircase to the Orcish Mines.
 11619 | D:11     | Found a roughly hewn altar of Beogh.
 11778 | D:11     | Noticed a two-headed ogre
 11786 | D:11     | Killed a two-headed ogre
 11871 | D:11     | Noticed a centaur warrior
 11881 | D:11     | Killed a centaur warrior
 12480 | D:12     | Noticed a two-headed ogre
 12487 | D:12     | Killed a two-headed ogre
 12616 | D:12     | Demolished by a titanic slime creature

Skill      XL: |  1  2  3  4  5  6  7  8  9 10 11 12 |
---------------+-------------------------------------+-----
Armour         | 3 4 5 6 7 8 |  8.0
Dodging        | 3 4 5 6 7 9 11 12 | 12.0
Long Blades    | 4 5 7 8 9 11 12 | 12.2
Fighting       | 4 5 6 7 9 10 11 | 11.3

Action                   |  1- 3 |  4- 6 |  7- 9 | 10-12 || total
-------------------------+-------+-------+-------+-------++-------
Melee: Falchion          |    73 |    60 |   232 |   177 ||   542
       Peck              |    12 |    15 |    64 |   112 ||   203
       Kick              |    23 |    29 |   109 |   207 ||   368
       Dagger            |       |       |       |   297 ||   297
Throw: Javelin           |       |       |       |     6 ||     6
Invok: Berserk           |       |     5 |     9 |    23 ||    37
       Trog's Hand       |       |       |     2 |     1 ||     3
 Abil: Fly               |       |     1 |       |     7 ||     8
Evoke: Wand              |       |       |       |     5 ||     5
  Use: Scroll            |       |     5 |     2 |       ||     7
 Stab: Sleeping          |     4 |     1 |       |     5 ||    10
  Eat: Chunk             |     1 |    10 |    27 |    47 ||    85
       Ration            |       |       |     2 |       ||     2
Armor: Animal skin       |    10 |       |       |       ||    10
       Leather armour    |     6 |    13 |    25 |       ||    44
       Steam dragon scal |       |       |     2 |    73 ||    75
Dodge: Dodged            |    62 |    40 |   161 |   305 ||   568
       Rpst.: Falchion   |    16 |    17 |    46 |    28 ||   107
